 Dungeon Crawl Stone Soup version 0.21-a0-193-g085b6a0 (webtiles) character file.

1311 Lavandula the Cutter (level 8, -1/60 HPs)
             Began as a Formicid Artificer on Aug 14, 2017.
             Slain by a killer bee (5 damage)
             ... on level 10 of the Dungeon.
             The game lasted 00:24:53 (4055 turns).

Lavandula the Cutter (Formicid Artificer)           Turns: 4055, Time: 00:24:54

Health: -1/60      AC:  9    Str: 18    XL:     8   Next: 89%
Magic:  10/10      EV: 11    Int: 15    God:
Gold:   234        SH:  0    Dex: 13    Spells: 5/7 levels left

rFire    . . .     SeeInvis +   h - +5 battleaxe
rCold    . . .     Gourm    .   (no shield)
rNeg     . . .     Faith    .   j - quicksilver dragon scales
rPois    .         Spirit   .   (helmet unavailable)
rElec    .         Reflect  .   (no cloak)
rCorr    .         Harm     .   (no gloves)
MR       +....                  (no boots)
Stlth    ..........             (no amulet)
HPRegen  0.20/turn              (no ring)
MPRegen  0.12/turn              (no ring)

@: confused, brilliant, lethally poisoned (-1 -> -63), drained
A: permanent stasis, dig shafts and tunnels, four strong arms, antennae 3
a: Dig, Shaft Self


You were on level 10 of the Dungeon.
You were very hungry.

You visited 1 branch of the dungeon, and saw 9 of its levels.

You collected 234 gold pieces.

Inventory:

Hand Weapons
 a - a +0 short sword
 h - a +5 battleaxe (weapon)
 p - a +1 dagger of venom
 r - a +0 blowgun
 z - a +0 dagger of freezing
 J - a +1 flail
Missiles
 s - 17 poisoned needles
 v - 6 tomahawks
 x - 2 tomahawks of returning (quivered)
 H - 5 javelins
Armour
 b - a +0 leather armour
 g - a +0 robe of cold resistance
 j - quicksilver dragon scales (worn)
 y - a +0 shield
Wands
 c - a wand of flame (22/48)
 d - a wand of enslavement (5/24)
 e - a wand of random effects (0/48)
 m - a wand of lightning (6/15)
 B - a wand of lightning (0/15)
 F - a wand of polymorph (10/24)
Scrolls
 o - 3 scrolls of remove curse
 q - 3 scrolls of enchant armour
 t - 4 scrolls of amnesia {v}
 u - a scroll of magic mapping {unknown}
 E - 2 scrolls of enchant weapon {unknown}
 I - a scroll of blinking {unknown}
Potions
 G - a potion of haste
Books
 A - a book of Cantrips

   Spells                             Type                      Level
   a - Confusing Touch                Hexes                        1
   b - Animate Skeleton               Necromancy                   1
   c - Summon Small Mammal            Summoning                    1
   d - Apportation                    Translocation                1
Comestibles
 f - 6 bread rations
 i - 3 royal jellies
 n - 2 meat rations


   Skills:
 - Level 4.2(4.1) Fighting
 - Level 7.4(7.3) Short Blades
 + Level 5.3(5.1) Axes
 - Level 2.2(2.1) Dodging
 - Level 1.2(1.1) Stealth
 - Level 3.2(3.1) Evocations


You had 5 spell levels left.
You knew the following spells:

 Your Spells              Type           Power        Failure   Level  Hunger
a - Apportation           Tloc           #.....       5%          1    ##.....
b - Animate Skeleton      Necr           N/A          5%          1    ##.....


Dungeon Overview and Level Annotations

Branches:
Dungeon (7/15)
 Temple: D:4-7

Altars:
Ashenzari
Elyvilon
Fedhas
Makhleb
Okawaru
Sif Muna
Trog
Zin

Annotations:
D:6 1 runed door, Duvessa


Innate Abilities, Weirdness & Mutations

You cannot be hasted, slowed, berserked, paralysed or teleported.
You can dig through walls and to a lower floor.
Your four strong arms can wield two-handed weapons with a shield.
You have a pair of large antennae on your head. (SInv)


Message History

* * * LOW HITPOINT WARNING * * *
You feel very sick.
The killer bee stings you but does no damage.
Unknown command.
You bump into the rock wall.
* * * LOW HITPOINT WARNING * * *
You feel very sick. The killer bee stings you.
* * * LOW HITPOINT WARNING * * *
You are more poisoned.
The killer bee poisons you! The killer bee stings you.
* * * LOW HITPOINT WARNING * * *
You are more poisoned.
The killer bee poisons you!
It was a potion of brilliance.
You feel clever all of a sudden.
* * * LOW HITPOINT WARNING * * *
You feel very sick. The killer bee stings you.
You die... ... .# ... ##.# .. ...# ..#..# .#..# oo.

#o# ###y#
#..@#
#.### #.#
#.# #.#
#.# {
##.##
#.##...##
#.......#


You could see a killer bee, 2 orc wizards and an orc.

Vanquished Creatures
  Eustachio (D:5)
  A sky beast (D:6)
  A centaur (D:6)
  2 bullfrogs (D:6)
  4 wights (D:6)
  A crimson imp (D:5)
  3 orc priests
  2 orc wizards (D:6)
  A bullfrog skeleton (D:4)
  9 worker ants
  A worker ant zombie (D:5)
  4 gnolls
  An ooze (D:3)
  An adder skeleton (D:3)
  A worm (D:4)
  A dart slug (D:2)
  2 leopard geckos
  13 orcs
  3 giant cockroaches
  2 goblins
  2 hobgoblins (D:3)
  12 jackals
  3 quokkas
  3 bats
  2 frilled lizards (D:3)
  2 kobolds
  4 rats
82 creatures vanquished.

Vanquished Creatures (collateral kills)
  2 killer bees (D:10)
  A crimson imp (D:5)
  An orc wizard (D:6)
  An adder (D:4)
  8 orcs
  A quokka (D:3)
  A rat (D:3)
15 creatures vanquished.

Vanquished Creatures (others)
  An ogre (D:4)
  An adder (D:4)
  Dowan (D:6)
  3 killer bees (D:10)
6 creatures vanquished.

Grand Total: 103 creatures vanquished

Notes
Turn   | Place    | Note
-------+----------+-------------------------------------------
     0 | D:1      | Lavandula the Formicid Artificer began the quest for the Orb.
     0 | D:1      | Reached XP level 1. HP: 15/15 MP: 3/3
    71 | D:1      | You fall through a shaft!
   290 | D:2      | Reached skill level 2 in Short Blades
   290 | D:2      | Reached XP level 2. HP: 18/21 MP: 4/4
   332 | D:2      | Found an iron altar of Okawaru.
   348 | D:2      | Found a faded altar of an unknown god.
   512 | D:2      | You fall through a shaft for 2 floors!
   681 | D:4      | Reached XP level 3. HP: 24/26 MP: 5/5
   719 | D:4      | Noticed an ogre
   748 | D:4      | Reached skill level 3 in Short Blades
  1031 | D:3      | Reached XP level 4. HP: 29/32 MP: 6/6
  1056 | D:3      | Found a glowing silver altar of Zin.
  1056 | D:3      | Found a blossoming altar of Fedhas.
  1058 | D:3      | Found a burning altar of Makhleb.
  1060 | D:3      | Found a deep blue altar of Sif Muna.
  1060 | D:3      | Found a bloodstained altar of Trog.
  1378 | D:3      | Reached skill level 4 in Short Blades
  1550 | D:4      | Found a white marble altar of Elyvilon.
  1563 | D:4      | Reached XP level 5. HP: 27/37 MP: 7/7
  1579 | D:4      | Learned a level 1 spell: Apportation
  1581 | D:4      | Learned a level 1 spell: Animate Skeleton
  1710 | D:4      | Reached skill level 5 in Short Blades
  1731 | D:5      | Entered Level 5 of the Dungeon
  1768 | D:5      | Reached XP level 6. HP: 5/43 MP: 8/8
  1780 | D:5      | Noticed Eustachio
  1783 | D:4      | HP: 2/43 [poisoned by a worker ant]
  2203 | D:4      | Reached skill level 6 in Short Blades
  2771 | D:5      | Reached XP level 7. HP: 19/48 MP: 9/9
  3062 | D:5      | Killed Eustachio
  3062 | D:5      | Reached skill level 7 in Short Blades
  3341 | D:6      | Reached XP level 8. HP: 36/60 MP: 10/10
  3342 | D:6      | Found a shattered altar of Ashenzari.
  3401 | D:6      | Found a runed door.
  3420 | D:6      | Found a runed door.
  3437 | D:6      | Reached skill level 1 in Axes
  3890 | D:6      | Noticed Dowan
  3901 | D:6      | Noticed Duvessa
  3919 | D:6      | Your ally died
  3924 | D:6      | You fall through a shaft for 3 floors!
  3944 | D:9      | Noticed a two-headed ogre
  3954 | D:9      | You fall through a shaft!
  3954 | D:10     | Entered Level 10 of the Dungeon
  3996 | D:10     | Reached skill level 5 in Axes
  4054 | D:10     | HP: 3/60 [killer bee (2)]
  4055 | D:10     | Slain by a killer bee

Vault maps used:
D:1:      dpeg_arrival_more_subterranean_lakeside_camping, minmay_quantized
D:2:      lemuel_upstairs_altar, tgw_xom, chequers_ecumenical_altar_lobes,
          first_bread, st_stairs_3, okawaru_trees_1
D:3:      kennysheep_big_flooded_room, grunt_temple_overflow_open
D:4:      kb_forest_paths, old_standard_altar
D:5:      uniq_eustachio
D:6:      lemuel_insect_pit, cheibrodos_ashenzari_chains,
          lemuel_temple_firewalk_a, uniq_duvessa
D:7:      minmay_misc_feat_tower, grunt_ogre_cave
D:9:      slow_altar_2, david_orc_3, serial_curves, eino_curves_02,
          eino_curves_01

Skill      XL: |  1  2  3  4  5  6  7  8 |
---------------+-------------------------+-----
Short Blades   | 2 3 4 5 6 7 |  7.4
Fighting       | 4 |  4.2
Dodging        | 2 |  2.2
Axes           | 5 |  5.3
Stealth        | |  1.2
Evocations     | |  3.2

Action                   |  1- 3 |  4- 6 |  7- 9 || total
-------------------------+-------+-------+-------++-------
Melee: Short sword       |    98 |   204 |    61 ||   363
       Dagger            |       |    59 |    84 ||   143
       Battleaxe         |       |       |    50 ||    50
 Abil: Dig               |     5 |     7 |     4 ||    16
       Shaft Self        |     2 |       |     2 ||     4
Evoke: Wand              |     5 |    25 |    29 ||    59
  Use: Potion            |       |     1 |     6 ||     7
       Scroll            |       |       |    10 ||    10
 Stab: Sleeping          |     1 |       |       ||     1
       Confused          |       |     1 |       ||     1
       Paralysed         |       |       |     2 ||     2
  Eat: Chunk             |     1 |     7 |     4 ||    12
Armor: Leather armour    |    24 |       |       ||    24
       Quicksilver drago |     9 |    82 |    73 ||   164
Dodge: Dodged            |    63 |   105 |    99 ||   267
